 Dungeon Crawl Stone Soup version 0.30-a0-341-g682706514a (webtiles) character file.

Game seed: 4801692082334893350

45416 bande the Severer (level 14, -12/90 HPs)
             Began as a Gargoyle Fighter on Nov 3, 2022.
             Was the Champion of Okawaru.
             Mangled by a death yak (17 damage)
             ... on level 4 of the Lair of Beasts.
             The game lasted 00:38:04 (14158 turns).

bande the Severer (Gargoyle Fighter)               Turns: 14158, Time: 00:38:05

Health: -12/90     AC: 30    Str: 21    XL:     14   Next: 33%
Magic:  20/20      EV: 10    Int:  4    God:    Okawaru [******]
Gold:   1158       SH:  6    Dex: 13    Spells: 13/13 levels left

rFire   + . .      SeeInvis .    f - +3 broad axe (vorpal)
rCold   + . .      Faith    .    Z - +0 buckler {reflect}
rNeg    + . .      Spirit   .    x - +5 ring mail of Wrong Decisions {+Blink rElec Int-5 Slay+5}
rPois   ∞          Reflect  +    L - +0 helmet
rElec   +          Harm     .    M - scarf {rC+ rF+}
rCorr   .          Rampage  .    q - +1 pair of gloves
Will    ++...                    (no boots)
Stlth   +.........               p - amulet of regeneration
HPRegen 1.15/turn                b - +4 ring of protection
MPRegen 0.17/turn                Y - ring of willpower

@: flying
A: sickness immunity, AC +10, big wings, negative energy resistance 1,
electricity resistance, torment resistance 1, petrification resistance, sense
surroundings 1, subdued magic 1
a: Renounce Religion, Evoke Blink, Heroism, Finesse, Duel


You were on level 4 of the Lair of Beasts.
You worshipped Okawaru.
Okawaru was exalted by your worship.
You visited 3 branches of the dungeon, and saw 15 of its levels.
You also visited: Sewer, Ossuary, Bailey and Ice Cave.

You collected 1158 gold pieces.

Inventory:

Hand Weapons
 a - a +0 war axe
 c - a +2 vampiric executioner's axe
 f - a +3 vorpal broad axe (weapon)
 l - the +10 falchion of the Jumping Pariah {flame, Int+2}
   (You found it on level 2 of the Dungeon)

   It burns those it strikes, dealing additional fire damage.
   Big, fiery blades are also staple armaments of hydra-hunters.
   Int:       It affects your intelligence (+2).
Missiles
 B - a throwing net (quivered)
Armour
 e - a +0 plate armour
 q - a +1 pair of gloves (worn)
 w - a +1 cloak
 x - the +5 ring mail of Wrong Decisions (worn) {+Blink rElec Int-5 Slay+5}
   (You found it on level 4 of the Dungeon)

   Int:       It affects your intelligence (-5).
   Slay:      It affects your accuracy & damage with ranged weapons and melee
   (+5).
   rElec:     It insulates you from electricity.
   +Blink:    It lets you blink.
 L - a +0 helmet (worn)
 M - a scarf of resistance (worn)
 S - a +1 ring mail of fire resistance
 Z - a +0 buckler of reflection (worn)
Jewellery
 b - a +4 ring of protection (left hand)
 o - a ring of fire
 p - an amulet of regeneration (around neck)
 s - a ring of magical power
 t - the ring "Fisch" {*Slow rPois rN+ Int+4}
   (You took it off an orc on level 4 of the Dungeon)

   [ring of positive energy]

   Int:       It affects your intelligence (+4).
   rPois:     It protects you from poison.
   rN:        It protects you from negative energy.
   *Slow:     It may slow you when you take damage.
 u - a ring of positive energy
 y - a ring of positive energy
 R - a +6 ring of dexterity
 T - a ring of ice
 U - an amulet of magic regeneration
 Y - a ring of willpower (right hand)
Wands
 n - a wand of iceblast (26)
 A - a wand of paralysis (16)
 E - a wand of flame (39)
 P - a wand of acid (5)
Scrolls
 m - 2 scrolls of poison
 C - 4 scrolls of identify
 D - a scroll of enchant weapon
 I - 7 scrolls of teleportation
 O - 3 scrolls of amnesia
 Q - a scroll of enchant armour
 V - a scroll of magic mapping
 W - a scroll of fear
Potions
 d - 5 potions of might
 g - a potion of ambrosia
 h - 4 potions of curing
 i - 6 potions of cancellation
 j - 5 potions of heal wounds
 k - 3 potions of brilliance
 r - 5 potions of invisibility
 v - 4 potions of flight
 z - 3 potions of resistance
 F - 6 potions of haste
 K - 6 potions of mutation
 N - 2 potions of magic
 X - 2 potions of berserk rage
Miscellaneous
 J - a phantom mirror


   Skills:
 + Level 11.3 Fighting
 + Level 0.2 Long Blades
 + Level 15.1 Axes
 + Level 8.3 Armour
 + Level 8.2 Shields
 * Level 8.7 Invocations
 * Level 8.8 Evocations


You had 13 spell levels left.
You didn't know any spells.
Your spell library contained the following spells:

 Spells                   Type           Power      Damage    Failure   Level
 Apportation              Tloc           0%         N/A       69%         1
 Necrotise                Necr           0%         1d4       69%         1
 Ignite Poison            Fire/Tmut/Pois 0%         N/A       96%         3
 Dispel Undead            Necr           0%         3d6       100%        4
 Sticky Flame             Conj/Fire      0%         2d3       100%        4
 Ignition                 Fire           0%         3d3       100%        8
 Summon Small Mammal      Summ           Unusable   N/A       N/A         1
 Cigotuvi's Dreadful Rot  Necr/Pois/Air  Unusable   N/A       N/A         2
 Death Channel            Necr           Unusable   N/A       N/A         6

Dungeon Overview and Level Annotations

Branches:
Dungeon (9/15)             Temple (1/1) D:7            Lair (5/5) D:9
 Shoals (0/4) Lair:3        Snake (0/4) Lair:3        Slime (0/5) Lair:4
    Orc (0/2) D:9           Sewer (visited)         Ossuary (visited)
 Bailey (visited)           IceCv (visited)

Altars:
Ashenzari
Cheibriados
Dithmenos
Elyvilon
Fedhas
Gozag
Kikubaaqudgha
Makhleb
Nemelex Xobeh
Okawaru
Qazlal
Ru
Trog
Vehumet
Wu Jian
Xom
Yredelemnul
Zin
The Shining One
Jiyva

Shops:
D:7 *

Annotations:
D:5 5 runed translucent doors


Innate Abilities, Weirdness & Mutations

You are immune to sickness and miasma.
Your stone body is resilient. (AC +10)
You are immune to poison.
Your large and strong wings let you fly.
You resist negative energy. (rN+)
You are resistant to electric shocks. (rElec)
You are resistant to unholy torment.
You are immune to petrification.
You passively map a small area around you.
Your spells are a little easier to cast, but a little less powerful.


Message History

You barely miss the death yak. You hit the yak. The yak gores you.
* * * LOW HITPOINT WARNING * * *
The death yak gores you but does no damage. x2
The death yak closely misses you.
The death yak gores you but does no damage.
Unknown command.
You slash the yak!
You kill the yak!
Okawaru accepts your kill.
You slash the death yak! You hit the death yak but do no damage.
You slice the death yak!! You slash the death yak!
The death yak gores you but does no damage.
You block the death yak's attack. The death yak gores you!
* * * LOW HITPOINT WARNING * * *
You hit the death yak but do no damage.
The death yak is heavily wounded.
You hit the death yak. You slash the death yak!
You hit the death yak but do no damage. You barely miss the death yak.
The death yak barely misses you.
The death yak gores you but does no damage.
The death yak closely misses you.
The death yak gores you but does no damage.
The death yak closely misses you.
You slash the death yak!
The death yak is severely wounded.
You slash the death yak! You hit the death yak. You slash the death yak!
You kill the death yak!
Okawaru accepts your kill.
You slash the death yak!
You kill the death yak!
Okawaru accepts your kill. The death yak gores you.
* * * LOW HITPOINT WARNING * * *
The death yak gores you but does no damage. x2
You slice the death yak!!
The death yak is heavily wounded.
You hit the death yak but do no damage. You slash the death yak!
The death yak gores you but does no damage. x2
The death yak gores you!
You die...

..............##..P....####+###..
....###.......##....+..###..####.
#..#..#.......###.###...##...###.
.............###...#.............
.............####.##.............
.................................
.................................
.............>.YY................
...............Y@†...............
..............#####.#....##.#.###
.##.#P.......#.#####....###.###
###.##..................##..[####
.....##.....[.#.....#...###....##
.....#..............#...# #....PP
.............#.....#....###......
#..#.##......##.....#....##.##.#.
.#####.......##....##...######.#.


You could see 3 death yaks.

Vanquished Creatures
  The ghost of Qojuicash the Frost Mage, a journeyman DrTm of Hepliaklqana (Lair:3)
  A hydra (Lair:3)
  8 death yaks (Lair:4)
  A dancing weapon (Lair:3)
  A two-headed ogre (D:8)
  Urug (Lair:4)
  Amaemon (D:8)
  A sea snake (Lair:5)
  2 harpies (Lair:5)
  2 ugly things (IceCv)
  A cyclops (D:6)
  A manticore (Lair:3)
  10 elephants (Lair:4)
  3 ice statues (IceCv)
  3 black mambas
  3 rime drakes
  An orange demon (D:8)
  11 cane toads
  A torpor snail (Lair:5)
  10 komodo dragons
  An anaconda simulacrum (IceCv)
  2 trolls
  3 polar bears
  3 hornets (Lair:5)
  3 blink frogs (Lair:5)
  2 wind drakes
  Grinder (D:3)
  10 dream sheep
  A wyvern (Lair:3)
  2 wraiths (D:6)
  46 yaks
  5 humans (Lair:4)
  2 basilisks
  A death yak simulacrum (IceCv)
  Menkaure (D:4)
  A vampire mosquito (D:6)
  A harpy simulacrum (IceCv)
  A hydra simulacrum (IceCv)
  An acid dragon (D:9)
  11 water moccasins
  An orc warrior (Bailey)
  4 sky beasts
  2 black bears
  3 ice beasts
  2 ogres
  13 wolves
  3 centaurs
  An elf zombie (Ossuary)
  5 kobold brigands
  Blork the orc (D:4)
  20 bullfrogs
  3 necrophages
  2 gnoll sergeants (D:7)
  A cane toad simulacrum (IceCv)
  7 scorpions
  18 wights
  3 elephant simulacra (IceCv)
  4 electric eels (D:9)
  7 howler monkeys (D:9)
  2 jellies
  A lava snake (D:8)
  A gnoll bouda (D:5)
  A human zombie (Ossuary)
  2 orc priests
  Crazy Yiuf (D:2)
  5 hounds
  Ijyb (D:3)
  Natasha (twice) (D:3)
  2 orc wizards
  An iguana (D:5)
  A polar bear simulacrum (IceCv)
  2 mummies (Ossuary)
  28 gnolls
  7 river rats (Sewer)
  10 adders
  A shadow imp (D:5)
  A white imp (D:7)
  2 ufetubi
  A worm (D:5)
  2 dart slugs (D:3)
  32 orcs
  10 bats
  5 endoplasms
  3 giant cockroaches
  14 goblins
  7 hobgoblins
  25 kobolds
  5 quokkas
  17 ball pythons
  4 frilled lizards
  3 gnoll zombies (Ossuary)
  6 goblin zombies (Ossuary)
  3 hobgoblin zombies (Ossuary)
  35 rats
504 creatures vanquished.

Vanquished Creatures (others)
  42 fungi
  41 plants
83 creatures vanquished.

Grand Total: 587 creatures vanquished

Notes
Turn   | Place    | Note
-------+----------+-------------------------------------------
     0 | D:1      | bande the Gargoyle Fighter began the quest for the Orb.
     0 | D:1      | Reached XP level 1. HP: 14/14 MP: 1/1
   285 | D:1      | Reached XP level 2. HP: 19/19 MP: 2/2
   803 | D:2      | Reached skill level 2 in Axes
   803 | D:2      | Reached XP level 3. HP: 23/24 MP: 3/3
   831 | D:2      | Identified the +10 falchion of the Jumping Pariah {flame,
                  | Int+2}
   849 | D:2      | Found a faded altar of an unknown god.
  1376 | D:2      | Found a runed translucent door.
  1377 | D:2      | Noticed Crazy Yiuf
  1467 | D:2      | Killed Crazy Yiuf
  1468 | D:2      | Reached XP level 4. HP: 19/29 MP: 4/4
  1917 | D:3      | Noticed Grinder
  1931 | D:3      | Paralysed by Grinder for 3 turns
  1939 | D:3      | Paralysed by Grinder for 2 turns
  1946 | D:3      | Killed Grinder
  1947 | D:3      | Reached skill level 4 in Axes
  1947 | D:3      | Reached XP level 5. HP: 32/34 MP: 5/5
  1947 | D:3      | Reached XP level 6. HP: 37/39 MP: 6/6
  2200 | D:3      | Noticed Natasha
  2212 | D:3      | Killed Natasha
  2511 | D:3      | Identified a scroll of acquirement
  2511 | D:3      | Acquired a +2 vorpal broad axe
  2593 | D:3      | Noticed Natasha
  2598 | D:3      | Killed Natasha
  2722 | D:3      | Noticed Ijyb
  2730 | D:3      | Killed Ijyb
  2731 | D:3      | Reached XP level 7. HP: 44/44 MP: 7/7
  3006 | D:4      | Noticed Menkaure
  3013 | D:4      | Killed Menkaure
  3014 | D:4      | Reached skill level 5 in Axes
  3057 | D:4      | Reached skill level 5 in Fighting
  3130 | D:4      | Reached skill level 5 in Armour
  3158 | D:4      | Noticed Blork the orc
  3165 | D:4      | Killed Blork the orc
  3165 | D:4      | Identified the ring "Fisch" {*Slow rPois rN+ Int+4}
  3166 | D:4      | Reached skill level 6 in Axes
  3305 | D:4      | Reached XP level 8. HP: 48/49 MP: 8/8
  3486 | D:4      | Identified the +5 ring mail of Wrong Decisions {+Blink
                  | rElec Int-5 Slay+5}
  3670 | D:5      | Entered Level 5 of the Dungeon
  3736 | D:5      | Identified the +2 robe "Yquog" {Harm rElec MP-9 Stlth+}
  3792 | D:5      | Found a runed translucent door.
  3831 | D:5      | Reached skill level 1 in Evocations
  3897 | D:5      | Identified the +3 quarterstaff "Uhiad" {venom, rElec rC+
                  | Str+2}
  4184 | D:5      | Found a runed translucent door.
  4188 | D:5      | Found a runed translucent gate.
  4189 | D:5      | Found a runed translucent gate.
  4192 | D:5      | Found the +9 staff of Olgreb {rPois∞}
  4229 | D:5      | Found a runed translucent gate.
  4302 | D:5      | Found a glowing drain.
  4314 | Sewer    | Entered a sewer
  4477 | Sewer    | Reached skill level 7 in Axes
  4526 | Sewer    | Reached skill level 5 in Shields
  5024 | D:6      | Reached XP level 9. HP: 45/55 MP: 9/9
  5082 | D:6      | Reached skill level 8 in Axes
  5191 | D:6      | Noticed a cyclops
  5197 | D:6      | Killed a cyclops
  5221 | D:6      | Reached skill level 9 in Axes
  5238 | D:6      | Reached XP level 10. HP: 24/61 MP: 10/10
  6184 | D:7      | Found a sand-covered staircase.
  6189 | Ossuary  | Entered an ossuary
  6331 | D:7      | Reached skill level 10 in Axes
  6361 | D:7      | Found a staircase to the Ecumenical Temple.
  6370 | Temple   | Entered the Ecumenical Temple
  6402 | Temple   | Became a worshipper of Warmaster Okawaru
  6436 | D:7      | Gained mutation: You are weak. (Str -2) [potion of
                  | mutation]
  6436 | D:7      | Gained mutation: You have a pair of small horns on your
                  | head. [potion of mutation]
  6437 | D:7      | Lost mutation: You are weak. (Str -2) [potion of mutation]
  6437 | D:7      | Lost mutation: You have a pair of small horns on your head.
                  | [potion of mutation]
  6437 | D:7      | Gained mutation: Your spells are a little easier to cast,
                  | but a little less powerful. [potion of mutation]
  6437 | D:7      | Gained mutation: You passively map a small area around you.
                  | [potion of mutation]
  6562 | D:7      | Found Yfaqecan's Overcharged Wands.
  6619 | D:7      | Found a glowing golden altar of the Shining One.
  7036 | D:8      | Reached skill level 1 in Invocations
  7077 | D:8      | Noticed Amaemon
  7086 | D:8      | Noticed an orange demon
  7089 | D:8      | Killed Amaemon
  7089 | D:8      | Reached * piety under Okawaru
  7090 | D:8      | Reached skill level 5 in Evocations
  7100 | D:8      | Killed an orange demon
  7214 | D:8      | Noticed a two-headed ogre
  7218 | D:8      | Killed a two-headed ogre
  7219 | D:8      | Reached XP level 11. HP: 67/68 MP: 12/12
  7228 | D:8      | Reached ** piety under Okawaru
  7237 | D:8      | Reached skill level 11 in Axes
  7375 | D:8      | Found the +7 Singing Sword {vorpal, sonic wave}
  7682 | D:9      | Found a flagged portal.
  7693 | Bailey   | Entered a bailey
  8144 | D:9      | Found a staircase to the Lair.
  8173 | D:9      | Reached *** piety under Okawaru
  8654 | D:9      | Found a staircase to the Orcish Mines.
  8876 | Lair:1   | Entered Level 1 of the Lair of Beasts
  9137 | Lair:1   | Reached **** piety under Okawaru
  9824 | Lair:2   | Reached skill level 12 in Axes
  9886 | Lair:2   | You fall into a shaft and drop 2 floors!
  9886 | Lair:4   | Noticed a death yak
  9886 | Lair:4   | Noticed a death yak
  9886 | Lair:4   | Noticed a death yak
  9915 | Lair:3   | Found a staircase to the Snake Pit.
  9916 | Lair:3   | Noticed a manticore
  9925 | Lair:3   | Reached ***** piety under Okawaru
  9926 | Lair:3   | Reached XP level 12. HP: 58/75 MP: 15/15
  9932 | Lair:3   | Reached skill level 5 in Invocations
  9940 | Lair:3   | Received a gift from Okawaru
  9972 | Lair:3   | Found a staircase to the Shoals.
  9975 | Lair:3   | Noticed a four-headed hydra
  9986 | Lair:3   | Killed a one-headed hydra
 10218 | Lair:3   | Found a frozen archway.
 10239 | IceCv    | Entered an ice cave
 10670 | Lair:3   | Found a runed translucent door.
 10678 | Lair:3   | Found a shimmering altar of Xom.
 10678 | Lair:3   | Noticed Qojuicash's ghost (journeyman DrTm)
 10702 | Lair:3   | Reached skill level 13 in Axes
 11117 | Lair:3   | Killed Qojuicash's ghost
 11945 | Lair:4   | Reached XP level 13. HP: 68/81 MP: 17/17
 12050 | Lair:4   | Reached skill level 10 in Fighting
 12174 | Lair:4   | Received a gift from Okawaru
 12548 | Lair:4   | Found a viscous altar of Jiyva.
 12548 | Lair:4   | Found a staircase to the Slime Pits.
 12572 | Lair:4   | Noticed Urug
 12585 | Lair:4   | Killed Urug
 12586 | Lair:4   | Reached skill level 14 in Axes
 12904 | Lair:4   | Reached ****** piety under Okawaru
 13131 | Lair:5   | Entered Level 5 of the Lair of Beasts
 13253 | Lair:5   | HP: 3/83 [wyvern (11)]
 13347 | Lair:5   | Received a gift from Okawaru
 13441 | Lair:5   | Gained mutation: Your large and strong wings let you fly.
                  | [Gargoyle growth]
 13441 | Lair:5   | Reached XP level 14. HP: 78/88 MP: 20/20
 13787 | Lair:5   | Noticed a dire elephant
 13799 | Lair:5   | HP: 4/90 [wind drake/the air (8)]
 13879 | Lair:5   | Reached skill level 15 in Axes
 14155 | Lair:4   | HP: 3/90 [death yak (14)]
 14158 | Lair:4   | Mangled by a death yak

Illustrated notes

Levels and vault maps discovered:
D:1:      sevenhm_arrival_forest_fort_small_3, layout_basic,
          hangedman_decor_clover_reticule, st_stairs_13
D:2:      layout_loops_cross, dreamdust_ecumenical_altar_sealed_demon,
          uniq_crazy_yiuf_cottage
D:3:      layout_loops_cross, minmay_misc_feat_roman, uniq_ijyb, uniq_grinder,
          uniq_natasha
D:4:      layout_gridville, minmay_hedge_maze, uniq_blork_the_orc, uniq_menkaure
D:5:      cheibrodos_thug_alley, layout_rooms, serial_curves, eino_curves_03,
          eino_curves_03, cheibrodos_sewer_entry_bend,
          minmay_guarded_unrand_staff_of_olgreb
D:6:      layout_loops_cross, minmay_three_doors
D:7:      layout_gridville, kennysheep_mini_moat, minmay_temple_entry_grid,
          enter_ossuary_5, chequers_serial_rivers_large_a,
          nicolae_shop_overcharged_wands
D:8:      old_forge, layout_basic, grunt_decor_junction, uniq_amaemon
D:9:      layout_basic, erik_lair_island, orc_0_dummy, enter_bailey_3
Temple:   grunt_wide_crystal_templ
Lair:1:   layout_long_grid, minivault_19, minivault_11, beast_lair_carwin_3,
          serial_bayou_shore_b, infiniplex_staircase_pool_2,
          serial_bayou_shore_a
Lair:2:   layout_loops_ring, gammafunk_lair_bear_cave
Lair:3:   layout_cave_pods, minmay_shoals_entry_beasts, dummy_snake_entry,
          gauntlet_entry_generic, portal_ice_cave_rime, ebering_ghost_xom,
          st_stairs_12, minivault_19
Lair:4:   slaughterhouse, layout_regular_city, slime_entry_1, uniq_urug
Lair:5:   gammafunk_lair_ancient_temple, layout_hall_layers, lemuel_fruit_tree

Skill      XL: |  1  2  3  4  5  6  7  8  9 10 11 12 13 14 |
---------------+-------------------------------------------+-----
Axes           | 2 4 6 7 9 10 12 13 14 15 | 15.1
Armour         | 4 5 6 7 8 |  8.3
Fighting       | 4 5 6 7 8 9 10 11 | 11.3
Shields        | 4 5 6 7 8 |  8.2
Evocations     | 2 4 5 6 7 8 |  8.8
Invocations    | 2 4 6 8 |  8.7
Long Blades    | |  0.2

Action                   |  1- 3 |  4- 6 |  7- 9 | 10-12 | 13-15 || total
-------------------------+-------+-------+-------+-------+-------++-------
Melee: War axe           |    93 |    92 |       |       |       ||   185
       Broad axe         |       |    12 |   234 |   592 |   347 ||  1185
       Falchion          |       |       |       |     6 |       ||     6
  Use: Scroll            |       |    11 |     3 |    16 |     6 ||    36
       Potion            |       |     1 |       |     5 |     2 ||     8
Armor: Scale mail        |     9 |       |       |       |       ||     9
       Plate armour      |    77 |   107 |    59 |       |       ||   243
       Ring mail         |       |       |   166 |   468 |   221 ||   855
Dodge: Dodged            |    27 |    26 |   129 |   366 |   156 ||   704
Block: Buckler           |    16 |    25 |    78 |   193 |    92 ||   404

Table legend: (Time is in decaauts)
 A = Elapsed time spent in this place.
 B = Non-inter-level travel time spent in this place.
 C = Inter-level travel time spent in this place.
 D = Time resting spent in this place.
 E = Time spent auto-exploring this place.
 F = Levels seen in this place.
 G = Mean time per level.
                   A        B        C        D        E       F      G
               +--------+--------+--------+--------+--------+-----+--------+
         Total |  14416 |  14082 |    334 |   1384 |   8465 |  19 |  758.7 |
       Dungeon |   8353 |   8050 |    303 |    998 |   4826 |   9 |  928.1 |
        Temple |     50 |     42 |      8 |      0 |     20 |   1 |   50.0 |
          Lair |   5099 |   5076 |     23 |    386 |   3281 |   5 | 1019.8 |
         Sewer |    290 |    290 |      0 |      0 |    127 |   1 |  290.0 |
       Ossuary |    143 |    143 |      0 |      0 |     66 |   1 |  143.0 |
        Bailey |    301 |    301 |      0 |      0 |    144 |   1 |  301.0 |
      Ice Cave |    177 |    177 |      0 |      0 |      0 |   1 |  177.0 |
               +--------+--------+--------+--------+--------+-----+--------+

Top non-repeatable levels by time:
  Lair:4: 1487 daAuts
  Lair:3: 1166 daAuts
     D:3: 1058 daAuts
     D:2: 1047 daAuts
     D:5: 1038 daAuts
     D:9: 954 daAuts
     D:7: 945 daAuts
     D:6: 924 daAuts
     D:4: 897 daAuts
  Lair:2: 871 daAuts
  Lair:1: 812 daAuts
     D:1: 770 daAuts
  Lair:5: 761 daAuts
     D:8: 717 daAuts
  Bailey: 301 daAuts
